 Dungeon Crawl Stone Soup version 0.27-a0-760-gc38aae387d (webtiles) character file.

Game seed: 8783049614528295160

30 polve the Skirmisher (level 3, 0/29 HPs)
             Began as a Demonspawn Abyssal Knight on Mar 25, 2021.
             Was a Follower of Lugonu.
             Slain by an adder (1 damage)
             ... on level 2 of the Dungeon.
             The game lasted 00:01:05 (1080 turns).

polve the Skirmisher (Demonspawn Abyssal Knight)    Turns: 1080, Time: 00:01:06

Health: 0/29       AC:  7    Str: 12    XL:     3   Next: 3%
Magic:  5/5        EV: 11    Int: 14    God:    Lugonu [*.....]
Gold:   82         SH:  0    Dex: 12    Spells: 2/5 levels left

rFire    . . .     SeeInvis .   a - +1 falchion
rCold    . . .     Faith    .   (no shield)
rNeg     . . .     Spirit   .   b - +0 leather armour
rPois    .         Reflect  .   (no helmet)
rElec    .         Harm     .   (no cloak)
rCorr    .         Rampage  .   (no gloves)
Will     .....                  (no boots)
Stlth    +.........             (no amulet)
HPRegen  0.09/turn              c - +4 ring of protection
MPRegen  0.09/turn              (no ring)

@: lethally poisoned (0 -> -11)
A: hooves 1
a: Renounce Religion, Depart the Abyss


You were on level 2 of the Dungeon.
You worshipped Lugonu.
Lugonu was aware of your devotion.
You visited 1 branch of the dungeon, and saw 2 of its levels.
You visited the Abyss 1 time.

You collected 82 gold pieces.

Inventory:

Hand Weapons
 a - a +1 falchion (weapon)
Armour
 b - a +0 leather armour (worn)
Jewellery
 c - a +4 ring of protection (right hand)
Scrolls
 d - a scroll of enchant armour {unknown}
 e - 3 scrolls of teleportation {unknown}
 f - a scroll of identify {unknown}


   Skills:
 - Level 3.0 Fighting
 - Level 2.0 Long Blades
 - Level 1.7 Armour
 - Level 0.8 Dodging
 + Level 1.7 Spellcasting
 * Level 1.1 Transmutations
 - Level 2.4 Invocations


You had 2 spell levels left.
You knew the following spells:

 Your Spells              Type           Power      Damage    Failure   Level
a - Beastly Appendage     Tmut           8%         N/A       21%         1
b - Wereblood             Tmut           4%         N/A       30%         2

Your spell library contained the following spells:

 Spells                   Type           Power      Damage    Failure   Level
 Apportation              Tloc           2%         N/A       30%         1
 Spider Form              Tmut/Pois      1%         N/A       58%         3
 Lesser Beckoning         Tloc           0%         N/A       67%         3
 Tukima's Dance           Hex            1%         N/A       67%         3
 Ice Form                 Ice/Tmut       2%         N/A       94%         4
 Blade Hands              Tmut           2%         N/A       99%         5
 Alistair's Intoxication  Tmut/Pois      1%         N/A       100%        5
 Invisibility             Hex            1%         N/A       100%        6


Dungeon Overview and Level Annotations

Branches:
Dungeon (2/15)

Altars:
Sif Muna


Innate Abilities, Weirdness & Mutations

You have large cloven feet.


Message History

You are no longer poisoned.
The adder bites you. x2
You are too injured to fight recklessly!
You closely miss the adder.
The adder is lightly wounded.
The adder barely misses you.
You barely miss the adder.
The adder is lightly wounded.
The adder closely misses you.
You riposte.
You closely miss the adder. Your kick misses the adder.
The adder is lightly wounded.
The adder bites you but does no damage.
You barely miss the adder. Your kick misses the adder.
The adder is lightly wounded.
The adder bites you but does no damage.
You hit the adder.
The adder is heavily wounded.
The adder bites you but does no damage. x2
You miss the adder.
The adder is heavily wounded.
The adder bites you.
You are poisoned.
The adder poisons you!
You closely miss the adder.
The adder is heavily wounded.
You feel sick. The adder bites you but does no damage. The adder bites you.
You are more poisoned.
The adder poisons you!
You aren't carrying any potions.
You completely miss the adder.
The adder is heavily wounded.
* * * LOW HITPOINT WARNING * * *
You feel very sick. The adder bites you but does no damage.
The adder bites you.
* * * LOW HITPOINT WARNING * * *
You closely miss the adder.
The adder is heavily wounded.
* * * LOW HITPOINT WARNING * * *
You feel sick. The adder bites you.
You die...

#.# #.# #.#
# #.# . #.
#.#
..##.####.#
..........#
..≈≈.≈≈..##
..☼≈°≈≈@.#
?§≈°_≈≈S##
..≈≈°○≈.#
..≈§☼§≈.#
........#
......###
######


You could see an adder.

Vanquished Creatures
  4 ball pythons
  An endoplasm (D:1)
  A giant cockroach (D:1)
  A goblin (D:1)
  5 hobgoblins (D:1)
  6 jackals (D:1)
  A kobold (D:1)
  2 quokkas (D:1)
  A frilled lizard (D:1)
  2 rats (D:1)
24 creatures vanquished.

Notes
Turn   | Place    | Note
-------+----------+-------------------------------------------
     0 | Abyss:1  | polve the Demonspawn Abyssal Knight began the quest for the
                  | Orb.
     0 | Abyss:1  | Reached XP level 1. HP: 18/18 MP: 2/2
   126 | Abyss:1  | Noticed a large abomination
   127 | D:1      | Escaped the Abyss
   331 | D:1      | Reached skill level 1 in Spellcasting
   333 | D:1      | Gained mutation: You have large cloven feet. [demonic
                  | ancestry]
   333 | D:1      | Reached XP level 2. HP: 24/24 MP: 3/3
   346 | D:1      | Learned a level 1 spell: Beastly Appendage
   349 | D:1      | Learned a level 2 spell: Wereblood
   563 | D:1      | Reached * piety under Lugonu
   788 | D:1      | Reached skill level 1 in Transmutations
   799 | D:1      | Reached XP level 3. HP: 24/29 MP: 5/5
  1061 | D:2      | Found a shimmering blue altar of Sif Muna.
  1080 | D:2      | HP: 1/29 [poisoned by an adder]
  1080 | D:2      | Slain by an adder

Illustrated notes

Levels and vault maps discovered:
D:1:      minmay_arrival_wavy_path, layout_basic, minmay_cupped
D:2:      layout_basic, nicolae_sif_muna_condensation, uniq_jessica

Skill      XL: |  1  2 |
---------------+-------+-----
Long Blades    | 2 |  2.0
Spellcasting   | 1 |  1.7
Transmutations | 1 |  1.1
Fighting       | |  3.0
Armour         | |  1.7
Dodging        | |  0.8
Invocations    | |  2.4

Action                   || total
-------------------------++-------
Melee: Falchion          ||    68
       Kick              ||     7
Invok: Depart the Abyss  ||     1
Armor: Leather armour    ||    33
Dodge: Dodged            ||    42
       Rpst.: Falchion   ||    15

Table legend: (Time is in decaauts)
 A = Elapsed time spent in this place.
 B = Non-inter-level travel time spent in this place.
 C = Inter-level travel time spent in this place.
 D = Time resting spent in this place.
 E = Time spent auto-exploring this place.
 F = Levels seen in this place.
 G = Mean time per level.
                   A        B        C        D        E       F      G
               +--------+--------+--------+--------+--------+-----+--------+
         Total |   1092 |   1080 |     12 |      0 |    919 |   3 |  364.0 |
       Dungeon |    965 |    953 |     12 |      0 |    793 |   2 |  482.5 |
         Abyss |    127 |    127 |      0 |      0 |    126 |   1 |  127.0 |
               +--------+--------+--------+--------+--------+-----+--------+

Top non-repeatable levels by time:
     D:1: 933 daAuts
 Abyss:1: 127 daAuts
     D:2: 32 daAuts
